 Dungeon Crawl Stone Soup version 0.30.1-9-gdf580d7c3d (webtiles) character file.

Game seed: 214464736057420687

14 booth the Chopper (level 2, -8/22 HPs)
             Began as a Demonspawn Gladiator on Sept 30, 2023.
             Mangled by Sigmund
             ... wielding a +2 scythe of flaming
              (11 damage)
             ... on level 2 of the Dungeon.
             The game lasted 00:04:40 (784 turns).

booth the Chopper (Demonspawn Gladiator)             Turns: 784, Time: 00:04:40

Health: -8/22      AC:  3    Str: 14    XL:     2   Next: 27%
Magic:  2/2        EV: 12    Int:  9    God:
Gold:   64         SH:  0    Dex: 14    Spells: 1/1 levels left

rFire   . . .        a - +1 war axe
rCold   . . .        (no shield)
rNeg    . . .        b - +0 leather armour
rPois   .            (helmet restricted)
rElec   .            (no cloak)
rCorr   .            (no gloves)
SInv    .            (no boots)
Will    .....        (no amulet)
Stlth   +            (no ring)
HPRegen 0.23/turn    (no ring)
MPRegen 0.08/turn

%: no passive effects
@: no status effects
A: ignite blood 1, beak, sense surroundings 1, evolution 1, MP-powered wands
a: no special abilities


You were on level 2 of the Dungeon.
You visited 1 branch of the dungeon, and saw 2 of its levels.

You collected 64 gold pieces.

Inventory:

Hand Weapons
 a - a +1 war axe (weapon)
 g - a +0 mace
Missiles
 d - 3 throwing nets (quivered)
 e - a javelin
 k - 2 poisoned darts
Armour
 b - a +0 leather armour (worn)
 c - a +0 helmet
Jewellery
 p - an amulet of faith
Scrolls
 f - a scroll of teleportation {unknown}
Potions
 h - 2 potions of might
 i - a potion of invisibility


   Skills:
 + Level 2.2 Fighting
 * Level 2.9 Axes
 + Level 2.0 Throwing
 + Level 2.9 Dodging


You had one spell level left.
You didn't know any spells.
Your spell library contained the following spells:

 Spells                   Type           Power      Damage    Failure   Level
 Blink                    Tloc           0%         N/A       61%         2
 Lesser Beckoning         Tloc           0%         N/A       61%         2
 Momentum Strike          Conj/Tloc      0%         3d8       61%         2
 Dazzling Flash           Conj/Hex       0%         N/A       83%         3
 Volatile Blastmotes      Fire/Tloc      0%         2d10      83%         3
 Iskenderun's Mystic Bla  Conj/Tloc      0%         2d3       99%         4
 Starburst                Conj/Fire      0%         6d3       100%        6


Dungeon Overview and Level Annotations

Branches:
Dungeon (2/15)

Altars:

Annotations:
D:2 Sigmund


Innate Abilities, Weirdness & Mutations

Your demonic aura sometimes causes spilled blood to erupt in flames.
You have a beak for a mouth.
You passively map a small area around you.
You have hidden genetic potential.
You expend magic power (3 MP) to strengthen your wands.


Message History

The hobgoblin closely misses you.
You barely miss the hobgoblin. The hobgoblin closely misses you.
You closely miss the hobgoblin. The hobgoblin misses you.
The hobgoblin hits you.
You closely miss the hobgoblin.
The hobgoblin hits you but does no damage.
A rat comes into view.
You slash the hobgoblin!
You kill the hobgoblin!
The rat bites you but does no damage.
You see here a hobgoblin corpse.
You hit the rat.
You kill the rat!
Found a potion of might.
h - 2 potions of might (gained 1) Sigmund the Dreaded comes into view.
He is wielding a +2 scythe of flaming.
Sigmund shouts!
Sigmund points at you and mumbles some strange words.
You are confused.
You bump into the rock wall.
You bump into the rock wall.
It was a potion of mutation.
You feel extremely strange.
You feel your magical essence link to the dungeon's wands.
Your mouth lengthens and hardens into a beak!
Your +0 helmet falls away!
You feel a strange attunement to the structure of the dungeons.
You feel a hidden potential growing inside you.
You feel less confused. Sigmund misses you.
You hit Sigmund. Your peck misses Sigmund.
Sigmund is lightly wounded.
Sigmund hits you with a +2 scythe of flaming!
Ouch! That really hurt!
Sigmund burns you.
* * * LOW HITPOINT WARNING * * *
You slash Sigmund! Your peck misses Sigmund.
Sigmund is heavily wounded.
Sigmund hits you with a +2 scythe of flaming!
Ouch! That really hurt!
You die...

, ##., .. .. . ,
.. ##. * * . #.. ,
*#.#.# * #.#.###.#
###+#### #.......#
.......# *#@#*
.##.##.# #@#
.#...#.# #.#
.#...#.# #.#
.......# #.#
.......#########.#
###..............#
################


You could see Sigmund.

Vanquished Creatures
  2 endoplasms (D:1)
  A goblin (D:1)
  2 hobgoblins
  2 quokkas (D:1)
  A ball python (D:2)
  A bat (D:1)
  4 rats
13 creatures vanquished.

Notes
Turn   | Place    | Note
-------+----------+-------------------------------------------
     0 | D:1      | booth the Demonspawn Gladiator began the quest for the Orb.
     0 | D:1      | Reached XP level 1. HP: 16/16 MP: 1/1
   249 | D:1      | Gained mutation: Your demonic aura sometimes causes spilled
                  | blood to erupt in flames. [demonic ancestry]
   249 | D:1      | Reached XP level 2. HP: 22/22 MP: 2/2
   310 | D:1      | Found a faded altar of an unknown god.
   774 | D:2      | Noticed Sigmund
   780 | D:2      | Gained mutation: You expend magic power (3 MP) to
                  | strengthen your wands. [potion of mutation]
   780 | D:2      | Gained mutation: You have a beak for a mouth. [potion of
                  | mutation]
   780 | D:2      | Gained mutation: You passively map a small area around you.
                  | [potion of mutation]
   780 | D:2      | Gained mutation: You have hidden genetic potential. [potion
                  | of mutation]
   784 | D:2      | Mangled by Sigmund

Illustrated notes

Levels and vault maps discovered:
D:1:      minmay_arrival_four_houses, layout_rooms,
          ebering_ecumenical_altar_petrified
D:2:      layout_loops_corners, basic_altar, chequers_serial_rivers_room_a,
          uniq_sigmund

Skill      XL: |  1 |
---------------+----+-----
Throwing       | 2 |  2.0
Fighting       | |  2.2
Axes           | |  2.9
Dodging        | |  2.9

Action                     || total
---------------------------++-------
  Melee: War axe           ||    35
    Use: Scroll            ||     4
         Potion            ||     2
 Armour: Leather armour    ||    11
  Dodge: Dodged            ||    17
